 Dungeon Crawl Stone Soup version 0.32-a0-818-gb728d0252e (webtiles) character file.

Game seed: 5278365107791199553

6714 jlumianski the Cleaver (level 11, -1/84 HPs)
             Began as a Coglin Gladiator on Mar 8, 2024.
             Was a Follower of Qazlal.
             Killed from afar by a steam dragon (17 damage)
             ... with a ball of steam
             ... on level 9 of the Dungeon on Mar 24, 2024.
             The game lasted 00:44:03 (9853 turns).

jlumianski the Cleaver (Coglin Gladiator)           Turns: 9853, Time: 00:44:03

Health: -1/84      AC: 18    Str: 18    XL:     11   Next: 3%
Magic:  12/12      EV:  9    Int:  8    God:    Qazlal [*.....]
Gold:   361        SH:  1    Dex: 16    Spells: 10/10 levels left

rFire   . . .        a - +0 war axe (elec) {Xiang}
rCold   . . .        y - +2 dagger (venom) {Amyrtaeus}
rNeg    . . .        t - +3 chain mail {rPois}
rPois   +            c - +0 helmet
rElec   .            r - +0 cloak
rCorr   .            E - +0 pair of gloves
SInv    .            v - +0 pair of boots
Will    .....        (amulet unavailable) Stlth
                     (ring unavailable)
HPRegen 0.34/turn    (ring unavailable)
MPRegen 0.13/turn    (no gizmo)

%: no passive effects
@: revved
A: off-hand wielding, slow wielding, warmup strikes, no jewellery
a: Invent Gizmo, Renounce Religion


You were on level 9 of the Dungeon.
You worshipped Qazlal.
Qazlal was aware of your devotion.
You visited 2 branches of the dungeon, and saw 10 of its levels.
You also visited: Ossuary.

You collected 451 gold pieces.
You spent 90 gold pieces at shops.

Inventory:

Hand Weapons
 a - a +0 war axe of electrocution (weapon) {Xiang}
 f - a +0 dagger {Ichio}
 y - a +2 dagger of venom (offhand) {Amyrtaeus}
Missiles
 d - 6 throwing nets
 e - 5 javelins
 w - 3 boomerangs (quivered)
 H - 5 curare-tipped darts
 K - 8 poisoned darts
 L - 2 atropa-tipped darts
Armour
 b - a +0 leather armour
 c - a +0 helmet (worn)
 g - a +0 ring mail
 r - a +0 cloak (worn)
 t - a +3 chain mail of poison resistance (worn)
 v - a +0 pair of boots (worn)
 E - a +0 pair of gloves (worn)
 F - a +0 kite shield
Talismans
 M - a beast talisman
Wands
 C - a wand of charming (2)
Scrolls
 h - a scroll of torment
 i - 3 scrolls of teleportation
 j - 2 scrolls of vulnerability
 o - a scroll of immolation
 A - 2 scrolls of fog
 I - a scroll of blinking
 N - a scroll of revelation
Potions
 k - 2 potions of lignification
 l - 3 potions of heal wounds
 m - a potion of mutation
 n - 4 potions of brilliance
 p - a potion of curing
 q - 2 potions of invisibility
 s - a potion of cancellation
 u - 3 potions of attraction
 x - 4 potions of haste
 z - a potion of degeneration
 B - a potion of might
 D - 4 potions of ambrosia
 G - 2 potions of enlightenment
 J - a potion of experience {unknown}


   Skills:
 + Level 7.2 Fighting
 + Level 4.6 Short Blades
 + Level 10.7 Axes
 + Level 2.1 Throwing
 + Level 7.2 Armour
 + Level 4.3 Dodging
 * Level 2.6 Invocations


You had 10 spell levels left.
You didn't know any spells.
Your spell library contained the following spells:

 Spells                   Type           Power      Damage    Failure   Level
 Apportation              Tloc           0%         N/A       97%         1
 Freeze                   Ice            0%         1d3       97%         1
 Magic Dart               Conj           0%         1d3       97%         1
 Summon Small Mammal      Summ           0%         N/A       97%         1
 Blink                    Tloc           0%         N/A       99%         2
 Call Imp                 Summ           0%         N/A       99%         2
 Ensorcelled Hibernation  Hex/Ice        0%         N/A       99%         2
 Jinxbite                 Hex            0%         N/A       99%         2
 Static Discharge         Conj/Air       0%         3-3/arc   99%         2
 Call Canine Familiar     Summ           0%         N/A       100%        3
 Frozen Ramparts          Ice            0%         1d1       100%        3
 Hailstorm                Conj/Ice       0%         3d5       100%        3
 Inner Flame              Hex/Fire       0%         N/A       100%        3
 Passwall                 Erth           0%         N/A       100%        3
 Swiftness                Air            0%         N/A       100%        3
 Airstrike                Air            0%         2d(0-16)  100%        4
 Summon Blazeheart Golem  Fire/Summ      0%         N/A       100%        4
 Summon Lightning Spire   Summ/Air       0%         N/A       100%        4
 Alistair's Intoxication  Alch           0%         N/A       100%        5
 Irradiate                Conj/Alch      0%         3d11      100%        5
 Ignition                 Fire           0%         3d3       100%        8


Dungeon Overview and Level Annotations

Branches:
Dungeon (9/15)             Temple (1/1) D:6         Ossuary (visited)
   Lair: D:8-11         Orc: D:9-12

Altars:
Ashenzari
Cheibriados
Dithmenos
Elyvilon
Fedhas
Gozag
Hepliaklqana
Makhleb
Nemelex Xobeh
Okawaru
Qazlal
Sif Muna
Trog
Xom
Yredelemnul
Zin
The Shining One


Innate Abilities, Weirdness & Mutations

You can wield a second weapon in your off-hand.
It takes a long time for you to wield or remove held weapons.
Your first few attacks do less damage.
You cannot equip rings or amulets.


Message History

You barely miss the troll with your +2 dagger of venom.
The troll bites you.
* * * LOW HITPOINT WARNING * * *
The troll claws you but does no damage. The troll claws you!
* * * LOW HITPOINT WARNING * * *
You feel much better. The troll bites you but does no damage.
The troll claws you. The troll claws you but does no damage.
You hit the troll with your +0 war axe of electrocution.
Lightning courses through the troll!
The troll is moderately wounded.
You hit the troll with your +2 dagger of venom.
The troll is poisoned.
The troll barely misses you.
The troll claws you but does no damage. x2
You slash the troll with your +0 war axe of electrocution!
The troll is severely wounded.
You hit the troll with your +2 dagger of venom.
The troll looks as sick as possible!
The troll bites you but does no damage.
The troll claws you but does no damage. x2
You hit the troll with your +0 war axe of electrocution.
The troll is almost dead.
You hit the troll with your +2 dagger of venom.
You kill the troll!
Qazlal accepts your kill.
The troll leather armour is intact enough to wear.
The orc priest calls down the wrath of Beogh upon you.
Beogh smites you!
* * * LOW HITPOINT WARNING * * *
You hit the steam dragon with your +0 war axe of electrocution.
Lightning courses through the steam dragon!
The steam dragon is severely wounded.
You hit the steam dragon but do no damage.
The steam dragon is poisoned.
The steam dragon bites you.
* * * LOW HITPOINT WARNING * * *
The steam dragon closely misses you.
You completely miss the steam dragon with your +2 dagger of venom.
The steam dragon is severely wounded.
You hit the steam dragon with your +0 war axe of electrocution.
The steam dragon breathes steam at you. The ball of steam hits you!
You die...

#..........#
#..........#
#..........+
#....<.....#
#..........#
#..........#
########'###
#/...#
#@#### #D#
#o# #.....$#
#..........
#..........
#......~~~.
#.........~
#.....y.~~~


You could see a steam dragon (very poisoned, catching breath) and an orc priest.

Vanquished Creatures
  The ghost of Dittersdorf the Protected, a novice GrFi (D:7)
  Maurice (D:8)
  An unseen horror (D:6)
  A hornet (D:8)
  A troll (D:9)
  5 yaks (D:8)
  A water moccasin (D:6)
  4 orc warriors
  3 ice beasts
  3 black bears
  A centaur (D:8)
  2 phantoms
  2 bullfrogs
  A weeping skull (Ossuary)
  3 gnoll sergeants
  2 scorpions (D:6)
  8 water moccasin zombies (Ossuary)
  7 wights
  5 killer bees (D:7)
  A howler monkey (D:4)
  2 bombardier beetles
  2 spectral scorpions (Ossuary)
  2 hounds
  6 jellies (D:6)
  4 orc priests
  2 gnoll boudas
  A scorpion zombie (D:3)
  3 sleepcaps
  Terence (D:2)
  4 iguanas
  13 orc wizards
  Natasha (thrice) (D:4)
  A crocodile zombie (Ossuary)
  2 mummies (Ossuary)
  Robin (D:4)
  20 gnolls
  10 adders
  2 white imps
  6 adder zombies (Ossuary)
  4 ribbon worms
  28 orcs
  6 endoplasms
  5 giant cockroaches
  14 goblins
  12 hobgoblins
  2 jackals (D:2)
  4 quokkas
  4 ball pythons
  8 bats
  3 frilled lizards
  4 gnoll zombies (Ossuary)
  4 jackal zombies
  4 kobolds
  3 orc zombies (Ossuary)
  10 rats
253 creatures vanquished.

Notes
Turn   | Place    | Note
-------+----------+-------------------------------------------
     0 | D:1      | jlumianski the Coglin Gladiator began the quest for the
                  | Orb.
     0 | D:1      | Reached XP level 1. HP: 16/16 MP: 1/1
   267 | D:1      | Reached XP level 2. HP: 21/22 MP: 2/2
   330 | D:1      | Upgraded the game from 0.32-a0-656-g3542139ebd to
                  | 0.32-a0-666-ge8a88695a4
   544 | D:1      | Reached XP level 3. HP: 10/27 MP: 3/3
  1696 | D:2      | Reached skill level 4 in Axes
  1696 | D:2      | Reached XP level 4. HP: 33/33 MP: 4/4
  1996 | D:3      | Noticed Terence
  2097 | D:2      | Killed Terence
  2348 | D:4      | Reached skill level 1 in Short Blades
  2383 | D:3      | Reached skill level 1 in Armour
  2383 | D:3      | Reached XP level 5. HP: 39/39 MP: 5/5
  2963 | D:3      | Found a basalt altar of Yredelemnul.
  3020 | D:5      | Entered Level 5 of the Dungeon
  3141 | D:4      | Noticed Robin
  3147 | D:4      | Killed Robin
  3168 | D:4      | Reached skill level 5 in Axes
  3168 | D:4      | Reached XP level 6. HP: 42/46 MP: 6/6
  3195 | D:4      | Found Zin's Purification Station.
  3196 | D:4      | Found a glowing silver altar of Zin.
  3231 | D:4      | Bought a potion of curing for 90 gold pieces
  3297 | D:4      | Noticed Natasha
  3303 | D:4      | Killed Natasha
  3334 | D:4      | Noticed Natasha
  3342 | D:4      | Killed Natasha
  3494 | D:4      | Noticed Natasha
  3504 | D:4      | Killed Natasha
  4055 | D:5      | Reached XP level 7. HP: 51/52 MP: 7/7
  4188 | D:5      | Reached skill level 6 in Axes
  4764 | D:5      | Reached XP level 8. HP: 53/60 MP: 8/8
  5279 | D:5      | Reached skill level 7 in Axes
  5769 | D:7      | Reached XP level 9. HP: 44/67 MP: 9/9
  5770 | D:7      | Found a sand-covered staircase.
  5780 | Ossuary  | Entered an ossuary
  5859 | Ossuary  | Reached skill level 8 in Axes
  5953 | Ossuary  | Reached skill level 5 in Fighting
  6225 | D:7      | Reached skill level 5 in Armour
  6259 | D:7      | Identified the +1 robe of Ethereal Fun {Int+3}
  6563 | D:6      | Reached skill level 9 in Axes
  6705 | D:7      | Found a transporter.
  6706 | D:7      | Noticed Dittersdorf's ghost (novice GrFi)
  6710 | D:7      | Found a transporter.
  6969 | D:6      | Killed an unseen horror
  7102 | D:6      | Reached XP level 10. HP: 67/76 MP: 10/10
  7323 | D:6      | Found a burning altar of Makhleb.
  7323 | D:6      | Noticed a blizzard demon
  7327 | D:6      | Noticed an orange demon
  7445 | D:6      | Found a staircase to the Ecumenical Temple.
  7451 | Temple   | Entered the Ecumenical Temple
  7459 | Temple   | Became a worshipper of Qazlal Stormbringer
  7672 | D:5      | Reached skill level 10 in Axes
  7792 | D:6      | Upgraded the game from 0.32-a0-666-ge8a88695a4 to
                  | 0.32-a0-818-gb728d0252e
  8496 | D:7      | Killed Dittersdorf's ghost
  8497 | D:7      | Reached skill level 1 in Invocations
  9148 | D:8      | Noticed Maurice
  9167 | D:8      | Something stole 5 javelins
  9171 | D:8      | Something stole a +0 dagger {Ichio}
  9180 | D:8      | Reached * piety under Qazlal
  9182 | D:8      | Something stole 340 gold
  9183 | D:8      | Something stole a beast talisman
  9190 | D:8      | Killed Maurice
  9847 | D:9      | Reached XP level 11. HP: 22/84 MP: 12/12
  9853 | D:9      | Killed from afar by a steam dragon

Illustrated notes

Levels and vault maps discovered:
D:1:      evilmike_arrival_rings, layout_basic, serial_aquarium,
          aquarium_bridge_square [aquarium_subvault_bridge,
          aquarium_subvault_bridge, aquarium_subvault_wall,
          aquarium_subvault_bridge], aquarium_window_corner, aquarium_window_1,
          aquarium_window_corridor_1, aquarium_view_2e, aquarium_pool_2
D:2:      layout_loops_ring, small_statue_intersection, st_stairs_8
D:3:      layout_rooms, lemuel_zombie_altar_yredelemnul, minmay_circle_x,
          uniq_terence
D:4:      layout_basic, zin_purify, serial_aquarium, aquarium_bridge_square
          [aquarium_subvault_window, aquarium_subvault_bridge,
          aquarium_subvault_bridge, aquarium_subvault_window],
          aquarium_window_2, aquarium_window_1, aquarium_view_2e,
          aquarium_view_2e, aquarium_balcony_3a, aquarium_pool_corner,
          minivault_23, uniq_natasha, uniq_robin
D:5:      layout_loops_ring
D:6:      cheibrodos_barr_body, layout_cave_pods, makhleb_altar_promises_db,
          minmay_temple_entry_fiery, serial_glass, glass_columns_b,
          glass_columns_a, glass_columns_b, glass_columns_c, glass_columns_a
D:7:      wander_river, layout_rooms, nicolae_ossuary_entry_monument,
          serial_glass, glass_columns_a, glass_columns_c, glass_columns_a,
          glass_columns_a, gammafunk_ghost_hive
D:8:      layout_basic, uniq_maurice
D:9:      layout_roguey, grunt_temple_overflow_open, erik_lair_island
Temple:   eino_narrow_crystal_temple

Skill      XL: |  1  2  3  4  5  6  7  8  9 10 |
---------------+-------------------------------+-----
Dodging        | 3 4 |  4.3
Axes           | 4 5 6 7 9 10 | 10.7
Short Blades   | 1 2 3 4 |  4.6
Armour         | 1 2 3 4 5 7 |  7.2
Fighting       | 3 4 6 7 |  7.2
Invocations    | 2 |  2.6
Throwing       | 2 |  2.1

Action                     |  1- 3 |  4- 6 |  7- 9 | 10-12 || total
---------------------------+-------+-------+-------+-------++-------
  Melee: War axe           |    88 |   177 |   367 |   150 ||   782
         Dagger            |    77 |   165 |   342 |   144 ||   728
  Throw: Boomerang         |       |       |       |     6 ||     6
    Use: Scroll            |     5 |     4 |    13 |       ||    22
         Potion            |     1 |     1 |     4 |     2 ||     8
 Armour: Ring mail         |    59 |    27 |       |       ||    86
         Chain mail        |       |   118 |   398 |   145 ||   661
  Dodge: Dodged            |    72 |   115 |   136 |    50 ||   373

Table legend: (Time is in decaauts)
 A = Elapsed time spent in this place.
 B = Non-inter-level travel time spent in this place.
 C = Inter-level travel time spent in this place.
 D = Time resting spent in this place.
 E = Time spent auto-exploring this place.
 F = Levels seen in this place.
 G = Mean time per level.
                   A        B        C        D        E       F      G
               +--------+--------+--------+--------+--------+-----+--------+
         Total |   9937 |   9732 |    205 |   1621 |   4493 |  11 |  903.4 |
       Dungeon |   9487 |   9282 |    205 |   1521 |   4492 |   9 | 1054.1 |
        Temple |     16 |     16 |      0 |      0 |      0 |   1 |   16.0 |
       Ossuary |    432 |    432 |      0 |    100 |      1 |   1 |  432.0 |
               +--------+--------+--------+--------+--------+-----+--------+

Top non-repeatable levels by time:
     D:6: 1593 daAuts
     D:5: 1469 daAuts
     D:1: 1341 daAuts
     D:4: 1315 daAuts
     D:8: 1070 daAuts
     D:2: 1007 daAuts
     D:7: 981 daAuts
     D:3: 650 daAuts
 Ossuary: 432 daAuts
     D:9: 58 daAuts
  Temple: 16 daAuts
